 Dungeon Crawl Stone Soup version 0.23-a0-175-g97aacdb (webtiles) character file.

1492 Amnesiac the Magician (level 8, -2/52 HPs)
             Began as a Mummy Ice Elementalist on Sept 17, 2018.
             Was an Initiate of Gozag.
             Slain by an adder zombie (4 damage)
             ... on level 6 of the Dungeon.
             The game lasted 00:11:19 (6665 turns).

Amnesiac the Magician (Mummy Ice Elementalist)      Turns: 6665, Time: 00:11:19

Health: -2/52      AC:  3    Str: 12    XL:     8   Next: 51%
Magic:  10/17      EV: 12    Int: 16    God:    Gozag
Gold:   878        SH:  0    Dex: 12    Spells: 5/19 levels left

rFire    x . .     SeeInvis .   c - +0 quarterstaff
rCold    + . .     Gourm    .   (shield currently unavailable)
rNeg     + + +     Faith    .   a - +0 robe
rPois    ∞         Spirit   .   l - +0 helmet
rElec    .         Reflect  .   (no cloak)
rCorr    .         Harm     +   (no gloves)
MR       +....     Rnd*Tele +   (no boots)
Stlth    +++.......             k - amulet of harm
HPRegen  0.17/turn              j - ring of stealth
MPRegen  0.15/turn              m - ring of teleportation (curse)

@: gold aura
A: no food or potions, fire vulnerability, cold resistance 1, negative energy
resistance 3, torment resistance, unbreathing
a: Potion Petition, Call Merchant, Bribe Branch, Renounce Religion


You were on level 6 of the Dungeon.
You worshipped Gozag.
Gozag was pleased with you.
You were not hungry.

You visited 2 branches of the dungeon, and saw 7 of its levels.
You also visited: Ossuary.

You collected 912 gold pieces.
You paid 34 gold pieces to Gozag.

Inventory:

Hand Weapons
 c - a +0 quarterstaff (weapon)
Armour
 a - a +0 robe (worn)
 l - a +0 helmet (worn)
Jewellery
 g - an uncursed ring of stealth
 j - a ring of stealth (left hand)
 k - an amulet of harm (around neck)
 m - a cursed ring of teleportation (right hand)
Scrolls
 b - 5 scrolls of teleportation {!r}
 d - 4 scrolls of magic mapping {!r}
 f - 5 scrolls of fear {!r}
 h - 2 scrolls of amnesia {!r}
 i - a scroll of blinking {!r}
 n - a scroll of enchant weapon {!r}


   Skills:
 - Level 1.5 Dodging
 - Level 1.5 Stealth
 - Level 6.0 Spellcasting
 + Level 5.8 Conjurations
 - Level 6.0 Ice Magic


You had 5 spell levels left.
You knew the following spells:

 Your Spells              Type           Power        Failure   Level  Hunger
a - Freeze                Ice            ###.         1%          1    N/A
b - Summon Ice Beast      Ice/Summ       ##......     36%         4    N/A
d - Throw Icicle          Conj/Ice       ###.....     12%         4    N/A
e - Throw Frost           Conj/Ice       ###...       1%          2    N/A
z - Ozocubu's Armour      Chrm/Ice       ##......     12%         3    N/A

Your spell library contained the following spells:

 Spells                   Type           Power        Failure   Level  Hunger


Dungeon Overview and Level Annotations

Branches:
Dungeon (6/15)             Temple (1/1) D:4

Altars:
Ashenzari
Cheibriados
Dithmenos
Elyvilon
Gozag
Kikubaaqudgha
Makhleb
Nemelex Xobeh
Qazlal
Ru
Vehumet
Wu Jian
Xom
The Shining One

Annotations:
D:6 Pikel


Innate Abilities, Weirdness & Mutations

You do not eat or drink.
Your flesh is vulnerable to fire.
You are immune to poison.
Your flesh is cold resistant. (rC+)
You are immune to negative energy. (rN+++)
You are immune to unholy pain and torment.
You can survive without breathing.


Message History

Aiming: Freeze (safe; 1% risk of failure)
Press: ? - help, Shift-Dir - straight line, f - orc warrior
Aim: an orc warrior, wielding a glaive and wearing a plate armour You freeze the orc warrior.
The orc warrior is moderately wounded.
Casting: Freeze (safe; 1% risk of failure)
Confirm with . or Enter, or press ? or * to list all spells.
Aiming: Freeze (safe; 1% risk of failure)
Press: ? - help, Shift-Dir - straight line, f/p - orc warrior
Aim: an orc warrior, wielding a glaive and wearing a plate armour (moderately You freeze the orc warrior.
The orc warrior is heavily wounded.
The orc warrior hits you with a glaive!
Casting: Freeze (safe; 1% risk of failure)
Confirm with . or Enter, or press ? or * to list all spells.
Aiming: Freeze (safe; 1% risk of failure)
Press: ? - help, Shift-Dir - straight line, f/p - orc warrior
Aim: an orc warrior, wielding a glaive and wearing a plate armour (heavily You freeze the orc warrior.
The orc warrior is heavily wounded.
The orc warrior hits you but does no damage.
Casting: Freeze (safe; 1% risk of failure)
Confirm with . or Enter, or press ? or * to list all spells.
Aiming: Freeze (safe; 1% risk of failure)
Press: ? - help, Shift-Dir - straight line, f/p - orc warrior
Aim: an orc warrior, wielding a glaive and wearing a plate armour (heavily You freeze the orc warrior.
The orc warrior is almost dead.
The orc warrior hits you with a glaive!
Casting: Freeze (safe; 1% risk of failure)
Confirm with . or Enter, or press ? or * to list all spells.
Aiming: Freeze (safe; 1% risk of failure)
Press: ? - help, Shift-Dir - straight line, f/p - orc warrior
Aim: an orc warrior, wielding a glaive and wearing a plate armour (almost dead)
You freeze the orc warrior.
The orc warrior is almost dead.
The orc warrior hits you with a glaive!
* * * LOW HITPOINT WARNING * * *
Casting: Freeze (safe; 1% risk of failure)
Confirm with . or Enter, or press ? or * to list all spells.
Aiming: Freeze (safe; 1% risk of failure)
Press: ? - help, Shift-Dir - straight line, f/p - orc warrior
Aim: an orc warrior, wielding a glaive and wearing a plate armour (almost dead)
You freeze the orc warrior.
You kill the orc warrior!
You start resting.
The adder zombie is too close now for your liking.
An adder zombie is nearby!
An adder zombie is nearby!
Your icy armour cracks and falls away as you move.
The orc priest mumbles some strange prayers to Beogh against you.
Beogh smites you!
* * * LOW HITPOINT WARNING * * *
The orc shouts!
The orc wizard shouts!
You hear a shout!
Really read
f - 6 scrolls of fear {!r}?
As you read the scroll of fear {!r}, it crumbles to dust.
You assume a fearsome visage.
The orc looks frightened!
The orc priest looks frightened!
The orc wizard resists with some effort.
The adder zombie is unaffected.
The adder zombie bites you.
* * * LOW HITPOINT WARNING * * *
The adder zombie bites you.
You die...
Your body crumbles into a pile of gold.

.....###.................#
......#####...............#
.......# #...............##
........##...............# #
.p................$......# ##
.........................#######.
o.........o......................
........oo...................##..
...............Z@..........# ##.
........................$.$# #.
.........................#.# ###.
.......................###.# #...
..a............).......###.###...
..o..............[......##......_
.o.......K..............#######..
..o.....................## ##.
.........................# #.


You could see Pikel (wandering), an orc priest (fleeing), an orc wizard and an
adder zombie.

Vanquished Creatures
  The ghost of chorionicmirror the Slasher, an amateur DsGl (D:4)
  Sigmund (D:6)
  A hungry ghost (D:5)
  An orc warrior (D:6)
  An ice beast (D:5)
  A bullfrog (D:6)
  A howler monkey (D:4)
  A crimson imp (D:5)
  A centaur zombie (D:4)
  An orc priest (D:5)
  2 hounds
  3 orc wizards
  A bullfrog skeleton (D:4)
  A human zombie (Ossuary)
  2 iguanas (D:5)
  2 worker ants
  2 big kobold zombies (Ossuary)
  A hound zombie (D:4)
  A hound skeleton (D:4)
  2 mummies (Ossuary)
  7 adders
  4 oozes
  2 adder zombies
  2 adder skeletons
  A dart slug (D:1)
  4 leopard geckos
  10 orcs
  8 bats
  2 giant cockroaches (D:4)
  6 goblins
  5 hobgoblins
  7 jackals
  7 kobolds
  2 quokkas
  7 frilled lizards
  A goblin zombie (Ossuary)
  9 hobgoblin zombies (Ossuary)
  A jackal skeleton (D:4)
  11 kobold zombies (Ossuary)
  A leopard gecko skeleton (D:6)
  A leopard gecko zombie (D:4)
  10 orc zombies (Ossuary)
  5 rats
  2 rat zombies (Ossuary)
142 creatures vanquished.

Vanquished Creatures (collateral kills)
  Menkaure (D:6)
1 creature vanquished.

Grand Total: 143 creatures vanquished

Notes
Turn   | Place    | Note
-------+----------+-------------------------------------------
     0 | D:1      | Amnesiac the Mummy Ice Elementalist began the quest for the
                  | Orb.
     0 | D:1      | Reached XP level 1. HP: 13/13 MP: 4/4
   205 | D:1      | Reached XP level 2. HP: 19/19 MP: 1/5
   325 | D:2      | Learned a level 2 spell: Throw Frost
   459 | D:2      | Reached XP level 3. HP: 15/24 MP: 2/7
   539 | D:2      | Learned a level 3 spell: Ozocubu's Armour
   743 | D:4      | Found a staircase to the Ecumenical Temple.
   751 | Temple   | Entered the Ecumenical Temple
   809 | Temple   | Became a worshipper of Gozag Ym Sagoz the Greedy
  1543 | D:2      | Found a burning altar of Makhleb.
  1556 | D:2      | Reached XP level 4. HP: 30/30 MP: 7/9
  2286 | D:3      | Learned a level 4 spell: Throw Icicle
  2373 | D:3      | Reached XP level 5. HP: 27/35 MP: 6/11
  2830 | D:4      | Got an encrusted leather armour
  2841 | D:4      | Identified the +1 leather armour of Ovotwasuze {rN++} (You
                  | found it on level 4 of the Dungeon)
  2883 | D:4      | Found a runed gate.
  2883 | D:4      | Found a runed gate.
  2884 | D:4      | Found a runed gate.
  2900 | D:4      | Noticed chorionicmirror's ghost (amateur DsGl)
  2946 | D:4      | Killed chorionicmirror's ghost
  2946 | D:4      | Reached skill level 5 in Spellcasting
  2946 | D:4      | Reached skill level 5 in Ice Magic
  2946 | D:4      | Reached XP level 6. HP: 14/41 MP: 0/13
  3404 | D:4      | Learned a level 4 spell: Summon Ice Beast
  3712 | D:4      | Reached XP level 7. HP: 37/46 MP: 12/15
  4102 | D:5      | Entered Level 5 of the Dungeon
  4102 | D:5      | Found a shattered altar of Ashenzari.
  4120 | D:5      | Found a radiant altar of Vehumet.
  4413 | D:5      | Noticed a hungry ghost
  4436 | D:5      | Killed a hungry ghost
  4622 | D:5      | Found a stormy altar of Qazlal.
  5269 | D:6      | Found a glowing golden altar of the Shining One.
  5373 | D:6      | Noticed Menkaure
  5380 | D:6      | Killed Menkaure
  5380 | D:6      | Reached XP level 8. HP: 26/52 MP: 3/17
  5468 | D:6      | Noticed Sigmund
  5479 | D:6      | Killed Sigmund
  5556 | D:6      | Found a sand-covered staircase.
  5560 | D:6      | Noticed Pikel
  5565 | Ossuary  | Entered an ossuary
  5878 | Ossuary  | Reached skill level 5 in Conjurations
  6664 | D:6      | HP: 2/52 [adder zombie (1)]
  6665 | D:6      | Slain by an adder zombie

Vault maps used:
D:1:      saegor_arrival_simple_a
D:2:      bloody_makhleb
D:3:      first_ration
D:4:      minmay_temple_entry_overgrown, gammafunk_ghost_necromancy
D:5:      marbit_many_paths, fiery_altar_vehumet, nicolae_overflow_hidden_temple
D:6:      nicolae_overflow_crystal_walls, enter_ossuary_3, uniq_menkaure,
          uniq_sigmund, uniq_pikel
Temple:   compressed_dpeg_triangle_lava_temple
Ossuary:  ossuary_tomb_1

Skill      XL: |  1  2  3  4  5  6  7  8 |
---------------+-------------------------+-----
Spellcasting   | 3 4 5 6 |  6.0
Ice Magic      | 3 4 5 6 |  6.0
Conjurations   | 4 5 |  5.8
Dodging        | |  1.5
Stealth        | |  1.5

Action                   |  1- 3 |  4- 6 |  7- 9 || total
-------------------------+-------+-------+-------++-------
Melee: Short sword       |    16 |    59 |       ||    75
       Quarterstaff      |       |       |   145 ||   145
 Cast: Freeze            |    45 |    74 |    65 ||   184
       Ozocubu's Armour  |       |     4 |     5 ||     9
       Summon Ice Beast  |       |       |     5 ||     5
       Throw Icicle      |       |       |     1 ||     1
  Use: Scroll            |       |     9 |     5 ||    14
 Stab: Sleeping          |     2 |       |     1 ||     3
       Distracted        |       |       |     1 ||     1
Armor: Robe              |    10 |    18 |    59 ||    87
Dodge: Dodged            |    45 |    94 |   120 ||   259

Table legend:
 A = Non-vault XP
 B = Vault XP
 C = Vault XP percentage of total XP
 D = Non-vault monster count
 E = Vault monster count
 F = Vault count percentage of total count
                 A         B        C        D         E       F
            +---------+---------+-------+---------+---------+-------
      Total |    1276 |     856 |  40.2 |      96 |      47 |  32.9
            +---------+---------+-------+---------+---------+-------
        D:1 |      37 |       0 |   0.0 |      17 |       0 |   0.0
        D:2 |      72 |       0 |   0.0 |      15 |       0 |   0.0
        D:3 |     107 |       0 |   0.0 |      24 |       0 |   0.0
        D:4 |     193 |     381 |  66.4 |      13 |       6 |  31.6
        D:5 |     529 |       0 |   0.0 |      16 |       0 |   0.0
        D:6 |     338 |     317 |  48.4 |      11 |       2 |  15.4
    Ossuary |       0 |     158 | 100.0 |       0 |      39 | 100.0
            +---------+---------+-------+---------+---------+-------
